 Dungeon Crawl Stone Soup version 0.19-a0-36-g4a0968a (webtiles) character file.

219 M4edhros the Insei (level 5, -4/31 HPs)
             Began as an Octopode Necromancer on May 3, 2016.
             Slain by a sky beast (6 damage)
             ... on level 5 of the Dungeon.
             The game lasted 00:12:42 (1566 turns).

M4edhros the Insei (Octopode Necromancer)           Turns: 1566, Time: 00:12:43

Health: -4/31      AC:  2    Str:  9    XL:     5   Next: 96%
Magic:  2/8        EV: 12    Int: 17    God:
Gold:   103        SH:  0    Dex: 14    Spells: 3 memorised, 3 levels left

rFire  . . .     SeeInvis .     j - +1 dagger (elec)
rCold  . . .     Gourm    .     (no shield)
rNeg   . . .     Faith    .     (helmet restricted)
rPois  .         Spirit   .     f - amulet of dismissal
rElec  .         Dismiss  +     n - ring of wizardry
rCorr  .         Reflect  .     c - +2 ring of strength
SustAt .         Harm     .     (no ring)
MR     .....     Clarity  +     (no ring)
Stlth  +++.......               (no ring)
                                (no ring)
                                (no ring)
                                (no ring)

@: regenerating (expiring), not resistant to hostile enchantments, fairly
stealthy
A: almost no armour, amphibious, 8 rings, constrict 8, rugged brown scales 1,
camouflage 1, clarity, gelatinous body 1, evolution 1
a: no special abilities


You were on level 5 of the Dungeon.
You were hungry.

You visited 2 branches of the dungeon, and saw 7 of its levels.

You collected 103 gold pieces.

Inventory:

Hand Weapons
 j - a +1 dagger of electrocution (weapon)
Jewellery
 c - a +2 ring of strength (right tentacle)
 f - an amulet of dismissal (around mantle)
 n - a ring of wizardry (left tentacle)
Scrolls
 e - a scroll of identify
 h - a scroll of magic mapping
 i - a scroll of remove curse
Potions
 d - a potion of flight
Books
 a - a book of Necromancy

   Spells                             Type                      Level
   a - Pain                           Necromancy                   1
   b - Animate Skeleton               Necromancy                   1
   c - Vampiric Draining              Necromancy                   3
   d - Regeneration                   Charms/Necromancy            3
   e - Animate Dead                   Necromancy                   4
   f - Control Undead                 Necromancy                   4
Comestibles
 b - 3 bread rations
 g - 2 chunks of flesh
 k - a beef jerky
 m - a meat ration


   Skills:
 - Level 2.0 Dodging
 - Level 2.6 Stealth
 + Level 5.5 Unarmed Combat
 - Level 2.0 Spellcasting
 - Level 4.0 Necromancy


You had 3 spell levels left.
You knew the following spells:

 Your Spells              Type           Power        Failure   Level  Hunger
a - Pain                  Necr           ###.         1%          1    #......
b - Animate Skeleton      Necr           N/A          1%          1    #......
r - Regeneration          Chrm/Necr      #.........   10%         3    ###....


Dungeon Overview and Level Annotations

Branches:
Dungeon (6/15)             Temple (1/1) D:6

Altars:
Ashenzari
Cheibriados
Dithmenos
Elyvilon
Fedhas
Gozag
Kikubaaqudgha
Nemelex Xobeh
Okawaru
Pakellas
Ru
Trog
Vehumet
Yredelemnul
Zin
The Shining One

Portals:
Sewer: D:6

Annotations:
D:3 ! goblins for piety chei, player ghost of trog, 16 dmg per hit, Robin; manon's ghost, amateur MiBe
D:4 Gruesome's ghost, amateur OpTm
D:5 Grinder


Innate Abilities, Weirdness & Mutations

You cannot wear most types of armour.
You are amphibious.
You can wear up to eight rings at the same time.
You can use your tentacles to constrict eight enemies at once.
Your skin changes colour to match your surroundings (Stealth).
Your rubbery body absorbs attacks (AC +1).
You are partially covered in rugged brown scales (AC +1, +3% HP).
You possess an exceptional clarity of mind.
You evolve.


Message History

Drink which item? (? for menu, Esc to quit)
Okay, then.
Read which item? (? for menu, Esc to quit)
Okay, then.
Sorry, you're not good enough to have a special ability.
You aren't carrying any items that you can evoke.
Your skin is crawling a little less now.
Something hits you.
* * * LOW HITPOINT WARNING * * *
Something shocks you.
* * * LOW HITPOINT WARNING * * *
Unknown command.
A sky beast appears from thin air!
Reactivating autopickup.
The sky beast flickers out of sight!
Deactivating autopickup; reactivate with Ctrl-A.
Something hits you.
* * * LOW HITPOINT WARNING * * *
Something shocks you.
You die...

###_### #8...8#
##.....#
#_....._
#.....# #8...8#
... . ##.....##
.....####
#8....@8#
........#
##...{.##
.....#..#
#8.ยง.8#
.....#..#
###>###
.......#
########
#.##..###
##.##..##
#........
#######..##...#
#.##..##.
#.......###.#.#
#.##..##.
#.......#
#.#.##
#.##..##.


There were no monsters in sight!

Vanquished Creatures
  2 crimson imps
  A howler monkey (D:5)
  A worker ant (D:6)
  4 adders
  An adder skeleton (D:6)
  An adder zombie (D:6)
  2 worms (D:2)
  A dart slug (D:1)
  2 giant geckos
  2 orcs
  2 ball pythons
  5 bats
  A giant cockroach (D:6)
  5 goblins
  3 hobgoblins
  6 jackals
  A quokka (D:3)
  2 giant newts
  A rat (D:1)
43 creatures vanquished.

Vanquished Creatures (collateral kills)
  A goblin (D:2)
  A rat (D:2)
2 creatures vanquished.

Grand Total: 45 creatures vanquished

Notes
Turn   | Place    | Note
--------------------------------------------------------------
     0 | D:1      | M4edhros the Octopode Necromancer began the quest for the Orb.
     0 | D:1      | Reached XP level 1. HP: 11/11 MP: 3/3
    22 | D:1      | Reached skill level 1 in Unarmed Combat
    27 | D:1      | Learned a level 1 spell: Animate Skeleton
   177 | D:1      | Reached XP level 2. HP: 8/17 MP: 3/5
   217 | D:1      | Reached skill level 2 in Unarmed Combat
   441 | D:2      | Reached XP level 3. HP: 3/21 MP: 1/6
   446 | D:2      | Learned a level 3 spell: Regeneration
   558 | D:2      | Reached skill level 3 in Unarmed Combat
   698 | D:3      | Found a sparkling altar of Nemelex Xobeh.
   699 | D:3      | Noticed Robin
   733 | D:3      | Reached skill level 4 in Unarmed Combat
   733 | D:3      | Reached XP level 4. HP: 24/27 MP: 7/7
   786 | D:4      | Noticed an ogre
   820 | D:3      | Noticed manon's ghost (amateur MiBe)
   909 | D:4      | Reached XP level 5. HP: 27/31 MP: 4/8
   949 | D:4      | Noticed Gruesome's ghost (amateur OpTm)
   966 | D:5      | Entered Level 5 of the Dungeon
  1013 | D:5      | Reached skill level 5 in Unarmed Combat
  1085 | D:5      | Noticed Grinder
  1177 | D:5      | Noticed an ogre
  1316 | D:6      | Noticed a phantom
  1422 | D:6      | Found a staircase to the Ecumenical Temple.
  1437 | Temple   | Entered the Ecumenical Temple
  1472 | D:6      | Noticed a sky beast
  1533 | D:6      | Found a glowing drain.
  1539 | D:6      | Gained mutation: You evolve. [potion of mutation]
  1539 | D:6      | Gained mutation: You are partially covered in rugged brown scales (AC +1, +3% HP). [potion of mutation]
  1539 | D:6      | Gained mutation: You possess an exceptional clarity of mind. [potion of mutation]
  1556 | D:6      | Noticed a phantom
  1562 | D:5      | Found a snail-covered altar of Cheibriados.
  1562 | D:5      | Found a sacrificial altar of Ru.
  1564 | D:5      | HP: 1/31 [something (5)]
  1566 | D:5      | Found a shattered altar of Ashenzari.
  1566 | D:5      | Slain by a sky beast

Vault maps used:
D:1:      saegor_arrival_simple_c, minmay_misc_feat_diagonals, st_stairs_14
D:2:      corexii_leaking_fountain, minmay_cut_off
D:3:      nicolae_overflow_crystal_walls, uniq_robin, uniq_crazy_yiuf_cottage
D:4:      nicolae_qazlal_general_emergency, first_bread,
          okawaru_metal_pillars_1_2
D:5:      nicolae_overflow_hidden_temple, uniq_grinder
D:6:      minmay_temple_entry_statues_fountains, gup_sewer_entry_glass
Temple:   circular_temple_12

Skill      XL: |  1  2  3  4  5 |
---------------+----------------+-----
Unarmed Combat | 1 2 4 5 |  5.5
Dodging        | |  2.0
Stealth        | |  2.6
Spellcasting   | |  2.0
Necromancy     | |  4.0

Action                   |  1- 3 |  4- 6 || total
-------------------------+-------+-------++-------
Melee: Unarmed           |    20 |       ||    20
       Constrict         |    10 |    11 ||    21
       Dagger            |    17 |    57 ||    74
       Punch             |     1 |     1 ||     2
       Tentacles         |       |    11 ||    11
 Cast: Pain              |    30 |     3 ||    33
       Animate Skeleton  |     8 |     5 ||    13
       Regeneration      |     1 |    17 ||    18
  Use: Potion            |     4 |     4 ||     8
       Scroll            |       |     3 ||     3
 Stab: Sleeping          |     2 |     2 ||     4
  Eat: Chunk             |       |     4 ||     4
       Beef jerky        |       |     1 ||     1
Armor: Skin              |     4 |     6 ||    10
Dodge: Dodged            |    19 |    36 ||    55
